 Dungeon Crawl Stone Soup version 0.18-a0-902-g8738618 (webtiles) character file.

25 Jmtri7 the Charlatan (level 3, -5/26 HPs)
             Began as a Formicid Artificer on Dec 25, 2015.
             Slain by a giant frog (7 damage)
             ... on level 15 of the Dungeon.
             The game lasted 00:00:42 (38 turns).

Jmtri7 the Charlatan (Formicid Artificer)             Turns: 38, Time: 00:00:42

Health: -5/26      AC:  3    Str: 16    XL:     3   Next: 17%
Magic:  6/6        EV: 11    Int: 11    God:
Gold:   22         SH:  0    Dex: 11    Spells: 0 memorised, 2 levels left

rFire  . . .     SeeInvis +     a - +0 short sword
rCold  . . .     Gourm    .     b - +0 leather armour
rNeg   . . .     Faith    .     (no shield)
rPois  .         Spirit   .     (helmet unavailable)
rElec  .         Dismiss  .     (no cloak)
rCorr  .         Reflect  .     (no gloves)
SustAt .         Harm     .     (no boots)
MR     .....                    (no amulet)
Stlth  +.........               (no ring)
                                (no ring)

@: not resistant to hostile enchantments, very unstealthy
A: permanent stasis, dig shafts and tunnels, four strong arms, antennae 3
a: Dig, Shaft Self


You were on level 15 of the Dungeon.
You were not hungry.

You visited 1 branch of the dungeon, and saw 8 of its levels.

You collected 22 gold pieces.

Inventory:

Hand Weapons
 a - a +0 short sword (weapon)
Armour
 b - a +0 leather armour (worn)
Wands
 c - a wand of flame (15/48)
 d - a wand of enslavement (13/24)
 e - a wand of random effects (15/48)
Books
 g - a book of Hinderance

   Spells                             Type                      Level
   a - Confusing Touch                Hexes                        2
   b - Confuse                        Hexes                        3
   c - Gell's Gravitas                Hexes/Translocation          3
   d - Petrify                        Transmutation/Earth          4
   e - Metabolic Englaciation         Hexes/Ice                    5
   f - Yara's Violent Unravelling     Hexes/Transmutation          5
Comestibles
 f - a bread ration


   Skills:
 - Level 1.1 Fighting
 - Level 1.0 Short Blades
 - Level 1.7 Dodging
 - Level 1.2 Stealth
 + Level 4.5 Evocations


You had 2 spell levels left.
You didn't know any spells.

Dungeon Overview and Level Annotations

Branches:
Dungeon (1/15)

Altars:


Innate Abilities, Weirdness & Mutations

You are under a permanent stasis effect.
You can dig through walls and to a lower floor.
Your four strong arms can wield two-handed weapons with a shield.
You have a pair of large antennae on your head (SInv).


Message History

The brown ugly thing is charmed.
This wand has 13 charges left.
The two-headed ogre shouts in stereo!
The giant frog hits you.
Your brown ugly thing barely misses the giant frog.
The giant frog hits you!
* * * LOW HITPOINT WARNING * * *
The brown ugly thing headbutts your brown ugly thing.
Your brown ugly thing is splashed with acid.
The acid corrodes your brown ugly thing!
Your brown ugly thing tentacle-slaps the giant frog!
The giant frog is splashed with acid.
The acid corrodes the giant frog!
The giant frog dies!
Your Evocations skill increases to level 4!
You have reached level 2!
You have reached level 3!
Your experience leads to an increase in your attributes!
Increase (S)trength, (I)ntelligence, or (D)exterity?
You feel stronger. The giant frog hits you!
You die...

######## .......#
.{ #..#.#.# ≈≈≈
#......#
.≈≈..######..#.#.#
≈≈≈...FF@..........
≈≈≈≈P..u#####......
≈≈≈≈k[.u# ......
≈≈≈....u# .....
#####.uu# .....
{O...# .... ..u...
.... .......


You could see 5 ugly things, a two-headed ogre, a swamp drake, 2 giant frogs and
a friendly brown ugly thing (unaware).

Vanquished Creatures (collateral kills)
  A giant frog (D:15)
1 creature vanquished.

Notes
Turn   | Place    | Note
--------------------------------------------------------------
     0 | D:1      | Jmtri7 the Formicid Artificer began the quest for the Orb.
     0 | D:1      | Reached XP level 1. HP: 15/15 MP: 3/3
     9 | D:1      | You fall through a shaft!
    12 | D:2      | You fall through a shaft!
    15 | D:3      | You fall through a shaft for 2 floors!
    15 | D:5      | Entered Level 5 of the Dungeon
    17 | D:5      | Noticed a worker ant
    18 | D:5      | You fall through a shaft!
    21 | D:6      | You fall through a shaft for 3 floors!
    24 | D:9      | You fall through a shaft for 3 floors!
    30 | D:12     | You fall through a shaft for 3 floors!
    30 | D:15     | Entered Level 15 of the Dungeon
    33 | D:15     | Noticed a brown ugly thing
    33 | D:15     | Noticed a brown ugly thing
    33 | D:15     | Noticed a brown ugly thing
    34 | D:15     | Noticed a swamp drake
    34 | D:15     | Noticed a giant frog
    35 | D:15     | Noticed a brown ugly thing
    35 | D:15     | Noticed a brown ugly thing
    36 | D:15     | Noticed a giant frog
    36 | D:15     | Noticed a giant frog
    36 | D:15     | Noticed a brown ugly thing
    37 | D:15     | Noticed a two-headed ogre
    38 | D:15     | Killed a giant frog
    38 | D:15     | Reached skill level 4 in Evocations
    38 | D:15     | Reached XP level 2. HP: 2/21 MP: 5/5
    38 | D:15     | Reached XP level 3. HP: 2/26 MP: 6/6
    38 | D:15     | Slain by a giant frog

Vault maps used:
D:1:      eino_arrival_tree_alley, minmay_misc_feat_doors
D:2:      gammafunk_temple_overflow_elements, minivault_26, uniq_terence
D:3:      ecumenical_altar_2, grunt_dithmenos_smoke_and_mirrors, uniq_jessica
D:5:      nicolae_ossuary_entry_plus, first_bread, kennysheep_pointless_box,
          uniq_crazy_yiuf_cottage
D:6:      kennysheep_mini_moat, temple_statues, minmay_misc_feat_columns,
          tso_metal_star
D:9:      bloody_trog, nemelex_xobeh_ov_fountains_minmay,
          gammafunk_pakellas_statue_experiment, minmay_orc_entry_temple_small,
          hangedman_tell_no_tales, uniq_erolcha
D:12:     serial_shops, shop_coins, nrook_guardian_serpent_ordinary,
          uniq_psyche, uniq_josephine
D:15:     grunt_enter_depths_snipers, serial_glass, glass_columns_b,
          glass_columns_a, glass_columns_a, glass_columns_c, glass_columns_b,
          glass_columns_a, portal_ice_cave_entry_ice_statue_02,
          hangedman_glass_teeth, pond

Action                   || total
-------------------------++-------
 Abil: Shaft Self        ||     7
       Dig               ||     1
Evoke: Wand              ||     2
